 Dungeon Crawl Stone Soup version 0.32-a0-996-gb3226c233f (webtiles) character file.

Game seed: 16236161699925316673

125 ezpacito the Trooper (level 5, 0/41 HPs)
             Began as a Coglin Chaos Knight on Apr 23, 2024.
             Was a Plaything of Xom.
             Killed by divine providence
             ... invoked by an orc priest
              (8 damage)
             ... on level 3 of the Dungeon.
             The game lasted 00:01:45 (1489 turns).

ezpacito the Trooper (Coglin Chaos Knight)          Turns: 1489, Time: 00:01:45

Health: 0/41       AC:  6    Str: 11 (14) XL:     5   Next: 9%
Magic:  5/5        EV: 10    Int: 10 (12) God:    Xom [..*...]
Gold:   123        SH:  0    Dex:  8 (11) Spells: 5/5 levels left

rFire   . . .        a - +0 hand axe (chaos) {Leticia}
rCold   . . .        l - +2 short sword (freeze) {Wanphen}
rNeg    . . .        b - +2 leather armour
rPois   .            g - +1 hat
rElec   .            (no cloak)
rCorr   .            (no gloves)
SInv    .            (no boots)
Will    .....        (amulet unavailable)
Stlth   +            (ring unavailable)
HPRegen 0.26/turn    (ring unavailable)
MPRegen 0.09/turn    (no gizmo)

%: no passive effects
@: attractive, revving
A: off-hand wielding, slow wielding, warmup strikes, no jewellery, clumsy 1,
subdued magic 2, noise suppression
a: Invent Gizmo, Renounce Religion


You were on level 3 of the Dungeon.
You worshipped Xom.
You were a toy of Xom.
You visited 1 branch of the dungeon, and saw 3 of its levels.

You collected 123 gold pieces.

Inventory:

Hand Weapons
 a - a +0 hand axe of chaos (weapon) {Leticia}
 l - a +2 short sword of freezing (offhand) {Wanphen}
Missiles
 i - 11 poisoned darts (quivered)
Armour
 b - a +2 leather armour (worn)
 g - a +1 hat (worn)
 p - a +0 pair of gloves
Scrolls
 d - a scroll of enchant armour {unknown}
 e - 2 scrolls of noise {unknown}
 f - a scroll of fog {unknown}
 h - 3 scrolls of teleportation {unknown}
 j - a scroll of identify {unknown}
 m - a scroll of vulnerability {unknown}


   Skills:
 * Level 3.6 Fighting
 * Level 3.5(3.8) Axes
 * Level 1.4(2.5) Polearms
 + Level 0.4 Throwing
 * Level 2.4 Armour
 * Level 1.7 Dodging
 + Level 0.5 Stealth
 + Level 0.5 Spellcasting


You had 5 spell levels left.
You didn't know any spells.
Your spell library was empty.

Dungeon Overview and Level Annotations

Branches:
Dungeon (3/15)

Altars:
Uskayaw
Vehumet


Innate Abilities, Weirdness & Mutations

You can wield a second weapon in your off-hand.
It takes a long time for you to wield or remove held weapons.
Your first few attacks do less damage.
You cannot equip rings or amulets.
You are clumsy. (Dex -2)
Your spells are easier to cast, but less powerful.
You passively dampen the noise of your surroundings.


Message History

The ball python seems to slow down.
You barely miss the orc priest with your +2 short sword of freezing.
The orc priest hits you with a +0 flail.
Something misses your butterfly.
Your ufetubus hits the ball python. x2
The ball python dies!
Something misses your butterfly.
You take 2 damage, and have 19/41 hp.
You hit the orc priest with your +0 hand axe of chaos.
The orc priest seems to grow stronger.
The orc priest is moderately wounded.
You hit the orc priest but do no damage.
The orc priest barely misses you.
Something completely misses your butterfly. x2
Something closely misses your butterfly.
The orc priest hits you with a +0 flail!
* * * LOW HITPOINT WARNING * * *
You take 11 damage, and have 8/41 hp.
MASSIVE DAMAGE!!
Okay, then.
You swap places.
Something closely misses your butterfly.
The orc priest closely misses your butterfly.
The orc completely misses your butterfly. x2
The orc misses your butterfly.
The orc hits your butterfly with a +2 war axe of freezing!
The orc freezes your butterfly.
Your butterfly dies!
Your butterfly disappears in a burst of colours!
You see here a potion of degeneration.
It was a potion of attraction.
You feel attractive to monsters.
Xom roars with laughter!
The orc completely misses your butterfly. x2
The orc hits your butterfly with a +2 war axe of freezing!
The orc freezes your butterfly.
Your butterfly dies!
Your butterfly disappears in a burst of colours!
The orc misses your butterfly.
The orc priest mumbles some strange prayers to Beogh against you.
Beogh smites you!
You die...

##...######...#.##.#
######.....###.##.# ####
##.###.#...##.#
....######......#.####.#
..b.b.....b.###...## #.#
..b.o.####.## ##...###..
..bb.b##bbb# #...##...
.....bl5b### ###....#.
.....#@## # ##..### ....
#b# +. #..### ... #o#
#.# ##.###. .. #.b
#.###...... . ##b.
#.....#.#.. #..
#........#
.#5........##.#
...b...#####..# .......
....


You could see an orc priest (strong, ally target), an orc (ally target), a
frilled lizard and a friendly ufetubus (summoned).

Vanquished Creatures
  2 bombardier beetles (D:3)
  An adder (D:2)
  2 ribbon worms (D:3)
  4 dart slugs
  An orc (D:3)
  3 bats
  5 endoplasms
  A giant cockroach (D:2)
  6 goblins
  4 hobgoblins
  8 jackals
  3 quokkas
  4 ball pythons
  3 frilled lizards
  5 kobolds
  12 rats
64 creatures vanquished.

Vanquished Creatures (collateral kills)
  An orc (D:3)
  A ball python (D:3)
2 creatures vanquished.

Grand Total: 66 creatures vanquished

Notes
Turn   | Place    | Note
-------+----------+-------------------------------------------
     0 | D:1      | ezpacito the Coglin Chaos Knight began the quest for the
                  | Orb.
     0 | D:1      | Reached XP level 1. HP: 18/18 MP: 1/1
    20 | D:1      | Reached skill level 1 in Dodging
   119 | D:1      | Reached XP level 2. HP: 22/24 MP: 2/2
   212 | D:1      | XOM: potion effect (might)
   217 | D:1      | Reached XP level 3. HP: 27/29 MP: 3/3
   364 | D:1      | Reached skill level 1 in Polearms
   767 | D:2      | Found a radiant altar of Vehumet.
   829 | D:2      | Reached XP level 4. HP: 34/35 MP: 4/4
  1060 | D:2      | XOM: noise
  1196 | D:3      | Found a hide-covered altar of Uskayaw.
  1283 | D:3      | Reached XP level 5. HP: 24/41 MP: 5/5
  1284 | D:3      | XOM: 2-stop teleportation journey
  1392 | D:3      | XOM: give mutations
  1392 | D:3      | Gained mutation: Your spells are a little easier to cast,
                  | but a little less powerful. [Xom's mischief]
  1392 | D:3      | Gained mutation: You are clumsy. (Dex -2) [Xom's mischief]
  1392 | D:3      | Gained mutation: You passively dampen the noise of your
                  | surroundings. [Xom's mischief]
  1392 | D:3      | Gained mutation: Your spells are easier to cast, but less
                  | powerful. [Xom's mischief]
  1481 | D:3      | XOM: summons 2 friendly demons
  1489 | D:3      | Killed from afar by an orc priest

Illustrated notes

Levels and vault maps discovered:
D:1:      minmay_arrival_shattered_statue, layout_rooms, minmay_rat_gold_closets
D:2:      layout_basic, basic_altar
D:3:      layout_rooms, nemelex_dance_club_becter, nicolae_uskayaw_dance_hall,
          grunt_ministairs_14, chequers_serial_rivers_small_3, uniq_robin

Skill      XL: |  1  2  3 |
---------------+----------+-----
Dodging        | 1 |  1.7
Armour         | 2 |  2.4
Polearms       | 1 |  1.4
Fighting       | |  3.6
Axes           | |  3.5
Throwing       | |  0.4
Stealth        | |  0.5
Spellcasting   | |  0.5

Action                     |  1- 3 |  4- 6 || total
---------------------------+-------+-------++-------
  Melee: Hand axe          |    70 |    41 ||   111
         Dagger            |    52 |       ||    52
         Short sword       |    20 |    46 ||    66
    Use: Potion            |       |     3 ||     3
         Scroll            |       |     1 ||     1
   Stab: Sleeping          |     1 |       ||     1
 Armour: Leather armour    |    51 |    23 ||    74
  Dodge: Dodged            |    42 |    31 ||    73

Table legend: (Time is in decaauts)
 A = Elapsed time spent in this place.
 B = Non-inter-level travel time spent in this place.
 C = Inter-level travel time spent in this place.
 D = Time resting spent in this place.
 E = Time spent auto-exploring this place.
 F = Levels seen in this place.
 G = Mean time per level.
                   A        B        C        D        E       F      G
               +--------+--------+--------+--------+--------+-----+--------+
         Total |   1501 |   1453 |     48 |      0 |   1114 |   3 |  500.3 |
       Dungeon |   1501 |   1453 |     48 |      0 |   1114 |   3 |  500.3 |
               +--------+--------+--------+--------+--------+-----+--------+

Top non-repeatable levels by time:
     D:1: 556 daAuts
     D:2: 525 daAuts
     D:3: 418 daAuts
